 Dungeon Crawl Stone Soup version 0.18-a0-1078-gebb93d0 (webtiles) character file.

175 ater218 the Vexing (level 5, -11/28 HPs)
             Began as a Deep Elf Enchanter on Jan 14, 2016.
             Killed by divine providence
             ... invoked by an orc priest
              (13 damage)
             ... on level 3 of the Dungeon.
             The game lasted 00:23:47 (4812 turns).

ater218 the Vexing (Deep Elf Enchanter)             Turns: 4812, Time: 00:23:47

Health: -11/28     AC:  3    Str:  5    XL:     5   Next: 29%
Magic:  1/14       EV: 14    Int: 21    God:
Gold:   159        SH:  0    Dex: 15    Spells: 2 memorised, 9 levels left

rFire  . . .     SeeInvis .     a - +1 dagger
rCold  . . .     Gourm    .     b - +1 robe
rNeg   . . .     Faith    +     (no shield)
rPois  .         Spirit   .     (no helmet)
rElec  .         Dismiss  .     (no cloak)
rCorr  .         Reflect  .     (no gloves)
SustAt .         Harm     .     (no boots)
MR     .....                    l - amulet of faith
Stlth  +++.......               (no ring)
                                (no ring)

@: very slightly contaminated, not resistant to hostile enchantments, fairly
stealthy
A: no striking features
a: no special abilities


You were on level 3 of the Dungeon.
You were not hungry.

You visited 1 branch of the dungeon, and saw 3 of its levels.

You collected 159 gold pieces.

Inventory:

Hand Weapons
 a - a +1 dagger (weapon)
Armour
 b - a +1 robe (worn)
 j - a +0 buckler
Jewellery
 l - an amulet of faith (around neck)
Scrolls
 h - 5 scrolls of identify
Potions
 g - a potion of heal wounds
 o - a potion of curing
Books
 c - a book of Maledictions

   Spells                             Type                      Level
   a - Corona                         Hexes                        1
   b - Ensorcelled Hibernation        Hexes/Ice                    2
   c - Confuse                        Hexes                        3
   d - Tukima's Dance                 Hexes                        3
   e - Dazzling Spray                 Conjuration/Hexes            3
Comestibles
 d - 5 bread rations
 f - a slice of pizza
 k - a meat ration
 n - a beef jerky
 p - 3 fruits


   Skills:
 - Level 1.0 Short Blades
 + Level 3.9 Dodging
 - Level 3.7 Stealth
 + Level 4.8 Spellcasting
 * Level 1.4 Conjurations
 + Level 5.5 Hexes


You had 9 spell levels left.
You knew the following spells:

 Your Spells              Type           Power        Failure   Level  Hunger
a - Corona                Hex            ####...      1%          1    None
b - Dazzling Spray        Conj/Hex       ###.....     10%         3    ##.....


Dungeon Overview and Level Annotations

Branches:
Dungeon (3/15)

Altars:
Okawaru
Ru


Message History

You miscast Dazzling Spray.
Wisps of smoke drift from your hands. The adder bites you.
The adder bites you but does no damage.
The orc priest casts a cantrip, but nothing happens.
The adder closely misses you. The adder barely misses you.
There is an open door here.
A giant cockroach comes into view.
The adder bites you.
* * * LOW HITPOINT WARNING * * *
Casting: Dazzling Spray
Confirm with . or Enter, or press ? or * to list all spells.
Aiming: Corona
Press: ? - help, Shift-Dir - straight line, f/p - orc
Aim: an orc, wielding a club and wearing a ring mail (chance to defeat MR: 91%)
The orc is outlined in light.
The adder bites you.
* * * LOW HITPOINT WARNING * * *
You see here a short sword.
The orc priest mumbles some strange prayers to Beogh against you.
Something smites you!
You die...

#.####.#.# #.... #
####......#.# ############....
# #...........#
#.o.o..o..###### #
#...........####'#######.......
# #............(....# ###.###'
###.................# #...#...
'.'......)......o..)# +.......
###...........s)S...# #.#.#...
#....######.#...@.).# #.#.##..
#....'.# #.#.......# #.#.##.#
#....#.# #.#.#.....# # #.##.#
#....#.# #.#.#.....# #.##.#
....##.####.#.#.....# ......
......(.............. #. #.
.)....................
######.####.#.#.##....# #.# #


You could see an orc priest, an adder, an orc and a giant cockroach.

Vanquished Creatures
  A hound (D:3)
  2 orc wizards
  A worm (D:2)
  11 orcs (D:3)
  8 bats
  5 giant cockroaches
  8 goblins
  11 hobgoblins
  A jackal (D:1)
  12 kobolds
  3 giant newts
  4 rats
67 creatures vanquished.

Notes
Turn   | Place    | Note
--------------------------------------------------------------
     0 | D:1      | ater218 the Deep Elf Enchanter began the quest for the Orb.
     0 | D:1      | Reached XP level 1. HP: 10/10 MP: 6/6
   688 | D:1      | Reached XP level 2. HP: 15/15 MP: 6/8
  2180 | D:2      | Reached XP level 3. HP: 10/19 MP: 8/10
  2264 | D:2      | Learned a level 3 spell: Dazzling Spray
  2765 | D:2      | Found a sacrificial altar of Ru.
  2780 | D:2      | Reached skill level 5 in Hexes
  2780 | D:2      | Reached XP level 4. HP: 20/24 MP: 1/12
  3430 | D:2      | Found an iron altar of Okawaru.
  3737 | D:3      | Reached skill level 1 in Conjurations
  4442 | D:3      | Reached XP level 5. HP: 28/28 MP: 9/13
  4812 | D:3      | Killed from afar by an orc priest

Vault maps used:
D:1:      dpeg_arrival_brainrot, minmay_misc_feat_tower
D:2:      lemuel_coloured_pillars_altar, first_bread,
          nicolae_ru_great_annihilating_truth
D:3:      cheibrodos_gnoll_hut, uniq_crazy_yiuf_cottage

Action                   |  1- 3 |  4- 6 || total
-------------------------+-------+-------++-------
Melee: Dagger            |   131 |    68 ||   199
 Cast: Corona            |    28 |    15 ||    43
       Dazzling Spray    |    11 |    20 ||    31
  Use: Scroll            |     2 |     4 ||     6
       Potion            |     1 |     5 ||     6
 Stab: Sleeping          |     4 |     1 ||     5
       Invisible         |     1 |     1 ||     2
  Eat: Chunk             |     5 |     2 ||     7
       Bread ration      |     1 |     1 ||     2
